AoeStats
← fatcat15513

Arena

508666784Analyzed
3v3 RM · 7d ago on Sep 23, 2026· 33m 25s· 6 players
Game mode
Random Map
Map size
Normal (6 player)
Population
200
Speed
Normal
Resources
Standard
Victory
Conquest
Starting age
Dark Age
Ending age
Imperial Age
RankedLock teamsTeams togetherTeam positionsShared explorationLock speedFull tech treeHidden civsTurbo modeCheats
Victory
Defeat
🇹🇼 Saxons · Taiwan
1328
+13
🇹🇼 Varangians · Taiwan
1283
+15
🇹🇼 Romans · Taiwan
1181
+20
🇪🇸 Saxons · Spain
1266
-16
🇹🇼 Franks · Taiwan
1259
-16
🇫🇷 Gurjaras · France
1255
-16
Furnytt
9:53 Feudal Age
9:47 Loom
11:13 Double-Bit Axe
13:55 Castle Age
11:53 Horse Collar
15:21 Bow Saw
20:36 Gold Mining
nico
10:24 Feudal Age
14:06 Castle Age
11:50 Horse Collar
12:18 Double-Bit Axe
15:19 Bow Saw
17:39 Loom
20:49 Wheelbarrow
21:38 Town Watch
23:04 Hand Cart
23:33 Gold Mining
28:55 Imperial Age
26:23 Fletching
26:33 Padded Archer Armor
26:37 Stone Mining
27:23 Gold Shaft Mining
26:56 Crossbowman
27:46 Bodkin Arrow
28:07 Leather Archer Armor
29:06 Thumb Ring
30:32 Ballistics
30:22 Bracer
30:02 Arbalester
31:44 Chemistry
33:06 Ring Archer Armor
33:34 Conscription
洗勒烤喔
10:18 Feudal Age
12:00 Loom
14:39 Castle Age
13:25 Double-Bit Axe
22:36 Town Watch
24:23 Wheelbarrow
24:38 Bow Saw
24:49 Fletching
25:13 Gold Mining
26:20 Husbandry
26:20 Bodkin Arrow
26:26 Padded Archer Armor
26:49 Ballistics
27:05 Hand Cart
28:10 Treadmill Crane
29:29 Gold Shaft Mining
31:45 Imperial Age
29:45 Ordonnance Companies
31:24 Forging
31:20 Scale Barding Armor
32:24 Masonry
32:31 Leather Archer Armor
31:56 Cavalier
32:17 Cranequins
fatcat15513
10:49 Feudal Age
14:29 Castle Age
12:19 Double-Bit Axe
12:36 Horse Collar
12:28 Man-at-Arms
14:48 Scale Mail Armor
14:35 Long Swordsman
17:21 Loom
23:45 Forging
30:23 Bow Saw
31:57 Wheelbarrow
34:46 Imperial Age
32:51 Squires
33:05 Fortified Wall
simonchen0125
10:32 Feudal Age
10:36 Feudal Age
14:35 Castle Age
12:45 Double-Bit Axe
12:42 Horse Collar
15:50 Bow Saw
17:04 Wheelbarrow
22:27 Hand Cart
22:19 Town Watch
22:21 Loom
23:52 Gold Mining
24:18 Heavy Plow
28:54 Imperial Age
26:29 Stone Mining
26:53 Scale Mail Armor
27:01 Scale Barding Armor
27:06 Forging
26:42 Vendel Legacy
27:43 Bloodlines
27:33 Husbandry
28:31 Husbandry
29:56 Chain Barding Armor
29:57 Cavalier
31:54 Plate Barding Armor
31:55 Iron Casting
32:14 Conscription
33:43 Coinage
LocalMomsHelper
10:16 Feudal Age
11:55 Double-Bit Axe
14:16 Castle Age
12:19 Horse Collar
14:19 Town Watch
19:00 Bow Saw
18:40 Loom
20:56 Wheelbarrow
23:19 Gold Mining
23:23 Stone Mining
25:33 Gold Shaft Mining
25:03 Fletching
25:14 Padded Archer Armor
25:11 Crossbowman
28:52 Imperial Age
26:40 Bodkin Arrow
27:05 Thumb Ring
28:12 Ballistics
27:36 Treadmill Crane
28:31 Leather Archer Armor
29:24 Ballistics
29:09 Arbalester
29:50 Bracer
30:20 Ring Archer Armor
29:46 Guard Tower
30:36 Hand Cart
32:43 Chemistry
32:20 Keep
32:39 Masonry
Connection lost

Rejoining the realm…

Still unreachable

The connection could not be restored.

Session expired

The server has moved on; the page needs a fresh start.